 Dungeon Crawl Stone Soup version 0.30.1-11-g7821555f0a (webtiles) character file.

Game seed: 7443994689294939107

233420 HOAXBANE the Fencer (level 20, -10/149 (180) HPs)
             Began as a Human Artificer on Nov 15, 2023.
             Was the Champion of Ru.
             Shot with a bolt by a +1 triple crossbow of venom (52 damage)
             ... in a wizard's laboratory on Nov 18, 2023.
             The game lasted 09:07:24 (65073 turns).

HOAXBANE the Fencer (Human Artificer)              Turns: 65073, Time: 09:07:33

HP:   -10/149 (180) AC: 13    Str: 13    XL:     20   Next: 35%
MP:   17/20         EV:  7    Int:  9    God:    Ru [******]
Gold: 808           SH: 32    Dex: 19    Spells: 19/19 levels left

rFire   + . .        Q - +5 scimitar (heavy)
rCold   + . .        o - +10 tower shield of Ignorance {rN+ Int-4}
rNeg    + . .        P - +1 ring mail of Wiamahag {rElec}
rPois   +            (helmet restricted)
rElec   +            e - +2 cloak {Will+}
rCorr   .            S - +0 pair of gloves
SInv    .            T - +2 pair of boots
Will    +++..        q - amulet of reflection
Stlth   ++           p - ring of poison resistance
HPRegen 0.44/turn    N - ring "Offeah" {rF+ Will+ Dex+2}
MPRegen 0.17/turn

%: reflection
@: exhausted, heavily drained
A: clumsy 1, hated by all, inability to train dodging, no conjurations magic, no
earth magic, no hexes magic, reduced AC 1, antennae 1, cold resistance 1, dopey
1, robust 1
}: 1/15 runes: serpentine
a: Renounce Religion, Draw Out Power, Power Leap, Apocalypse


You were in a wizard's laboratory.
You worshipped Ru.
Ru was exalted by your worship.
You visited 7 branches of the dungeon, and saw 30 of its levels.
You also visited: Wizlab.

You collected 3129 gold pieces.
You spent 2321 gold pieces at shops.

Inventory:

Hand Weapons
 J - a +2 longbow of electrocution
 Q - a +5 heavy scimitar (weapon)
 V - a +5 great sword of protection
 X - a +2 scimitar of flaming
Missiles
 B - 20 poisoned darts
 H - 2 curare-tipped darts (quivered)
Armour
 e - a +2 cloak of willpower (worn)
 n - a +1 plate armour of positive energy
 o - the +10 tower shield of Ignorance (worn) {rN+ Int-4}
   (You bought it in a shop on level 2 of the Orcish Mines)

   Int:       It affects your intelligence (-4).
   rN:        It protects you from negative energy.
 u - a +2 ring mail of poison resistance
 F - a +2 robe of fire resistance
 P - the +1 ring mail of Wiamahag (worn) {rElec}
   (You found it on level 5 of the Lair of Beasts)

   rElec:     It insulates you from electricity.
 S - a +0 pair of gloves (worn)
 T - a +2 pair of boots (worn)
Jewellery
 a - a ring of flight
 i - a +4 ring of protection
 m - a ring of positive energy
 p - a ring of poison resistance (left hand)
 q - an amulet of reflection (around neck)
 v - a ring of ice
 x - a ring of resist corrosion
 I - a ring of see invisible
 N - the ring "Offeah" (right hand) {rF+ Will+ Dex+2}
   (You acquired it on level 9 of the Dungeon)

   [ring of willpower]

   Dex:       It affects your dexterity (+2).
   rF:        It protects you from fire.
   Will:      It increases your willpower.
Wands
 j - a wand of paralysis (14)
 K - a wand of polymorph (4)
 O - a wand of mindburst (10)
 W - a wand of iceblast (13)
 Y - a wand of flame (12)
Scrolls
 c - 13 scrolls of identify
 f - 2 scrolls of torment
 g - 2 scrolls of silence
 y - 4 scrolls of magic mapping
 G - 4 scrolls of teleportation
 R - 4 scrolls of fog
 U - 5 scrolls of immolation
 Z - 2 scrolls of brand weapon
Potions
 b - a potion of might
 d - a potion of ambrosia
 k - 3 potions of resistance
 l - 4 potions of lignification
 r - 4 potions of haste
 w - 8 potions of curing
 z - a potion of brilliance
 C - 5 potions of mutation
 D - a potion of heal wounds
 M - a potion of berserk rage
Miscellaneous
 E - a phial of floods (inert)


   Skills:
 - Level 16.0 Fighting
 - Level 13.7(17.7) Short Blades
 - Level 18.3(20.0) Long Blades
 - Level 1.0 Ranged Weapons
 - Level 5.0 Throwing
 - Level 15.0 Armour
 - Level 2.0 Stealth
 + Level 10.1 Shields
 - Level 15.0 Evocations


You had 19 spell levels left.
You didn't know any spells.
Your spell library contained the following spells:

 Spells                   Type           Power      Damage    Failure   Level
 Beastly Appendage        Tmut           0%         N/A       99%         1
 Freeze                   Ice            0%         1d3       99%         1
 Sublimation of Blood     Necr           0%         N/A       100%        2
 Wereblood                Tmut           0%         N/A       100%        2
 Frozen Ramparts          Ice            0%         1d1       100%        3
 Spider Form              Tmut/Pois      0%         N/A       100%        3
 Vhi's Electric Charge    Tloc/Air       0%         N/A       100%        3
 Dispel Undead            Necr           0%         3d6       100%        4
 Passage of Golubria      Tloc           0%         N/A       100%        4
 Alistair's Intoxication  Tmut/Pois      0%         N/A       100%        5
 Blade Hands              Tmut           0%         N/A       100%        5
 Eringya's Noxious Bog    Tmut/Pois      0%         N/A       100%        6
 Maxwell's Capacitive Co  Air            0%         ∞         100%        8
 Kiss of Death            Conj/Necr      Unusable   2d5       N/A         1
 Confusing Touch          Hex            Unusable   N/A       N/A         3
 Hailstorm                Conj/Ice       Unusable   3d3       N/A         3
 Tukima's Dance           Hex            Unusable   N/A       N/A         3
 Animate Armour           Summ/Erth      Unusable   N/A       N/A         4
 Petrify                  Tmut/Erth      Unusable   N/A       N/A         4
 Arcjolt                  Conj/Air       Unusable   1d10      N/A         5
 Borgnjor's Vile Clutch   Necr/Erth      Unusable   N/A       N/A         5
 Irradiate                Conj/Tmut      Unusable   3d11      N/A         5
 Yara's Violent Unravell  Hex/Tmut       Unusable   3d3       N/A         5
 Iron Shot                Conj/Erth      Unusable   9d1       N/A         6

Dungeon Overview and Level Annotations

Branches:
Dungeon (15/15)            Temple (1/1) D:6            Lair (5/5) D:9
 Shoals (0/4) Lair:2        Snake (4/4) Lair:3        Slime (0/5) Lair:4
    Orc (2/2) D:11            Elf (2/3) Orc:2        Vaults (1/5) D:13
 Depths (0/4) D:15         WizLab (1/1)

Altars:
Ashenzari
Cheibriados
Dithmenos
Elyvilon
Gozag
Kikubaaqudgha
Makhleb
Nemelex Xobeh
Okawaru
Qazlal
Ru
Sif Muna
Trog
Uskayaw
Vehumet
Wu Jian
Xom
Zin
The Shining One

Shops:
D:2 ?   D:3 *   D:6 ((!(   D:10 *   Orc:2 !=[   Elf:1 ==:

Portals:
Trove: D:11 (show abyssal rune of Zot)


Innate Abilities, Weirdness & Mutations

You are clumsy. (Dex -2)
You are hated by all.
You cannot train Dodging skill.
You cannot study or cast Conjurations magic.
You cannot study or cast Earth magic.
You cannot study or cast Hexes magic.
You take slightly more damage. (AC -5)
You have a pair of small antennae on your head.
Your flesh is cold resistant. (rC+)
You are dopey. (Int -2)
You are robust. (+10% HP)


Message History

The rakshasa gestures at you.
You block lance of force... and reflect it back!
The lance of force hits the rakshasa!!!
You kill the rakshasa!
The rakshasa shimmers and vanishes!
You chop the rakshasa into pieces!!!
You kill the rakshasa!
You start resting.
Your extra speed is starting to run out.
A rakshasa opens the door.
Things that are here:
a +0 whip; a +0 robe You block the rakshasa's attack.
You slice the rakshasa!!
The rakshasa is moderately wounded.
The rakshasa hits you with a +0 long sword!
You slash the rakshasa!
The rakshasa is heavily wounded.
A +1 triple crossbow of venom comes into view.
The rakshasa hits you with a +0 long sword!
* * * LOW HITPOINT WARNING * * *
Unknown command.
You slice the rakshasa like a ripe choko!!!
You kill the rakshasa!
You feel yourself slow down.
Press: ? - help, v - describe, . - travel
Here: a +1 triple crossbow of venom The floor.
Unknown command.
Press: ? - help, v - describe, . - travel
Here: a +1 triple crossbow of venom The floor.
Unknown command.
Aiming: Throw Flame
Press: ? - help, Shift-Dir - straight line, f - +1 triple crossbow of venom
Aim: a +1 triple crossbow of venom (66% to hit)
The puff of flame hits the +1 triple crossbow of venom but does no damage.
The +1 triple crossbow of venom shoots a bolt.
The bolt hits you!!!
You die...

##### #####
######∩.∩######
##...#...#...##
#....)........##
#..###....)###).##
###@..#####''#
###)### #.).#
#.).# ##..###
#.....###..###
##.....###...##
##.....###...##
##..⌠..###...##
##....(###...##
##...##


You could see a +1 triple crossbow of venom.

Vanquished Creatures
  Zenata (Orc:2)
  Rupert (Orc:2)
  A strange machine (WizLab)
  12 nagarajas
  A deep elf sorcerer (Elf:1)
  Aizul (Vaults:1)
  4 vault wardens (Vaults:1)
  Louise (D:14)
  An orc warlord (Orc:1)
  A very ugly thing (D:15)
  3 ironbound thunderhulks (Vaults:1)
  4 ironbound preservers (Vaults:1)
  A war gargoyle (D:14)
  A deep elf demonologist (Elf:1)
  A minotaur (Lair:3)
  11 dire elephants
  Nessos (D:14)
  A deep elf annihilator (Orc:2)
  The ghost of HourglassMan the Arsonist, a journeyman DrFE of Sif Muna (Lair:3)
  2 ettins
  The ghost of Voland the Destroyer, a journeyman TeAE of Sif Muna (Orc:2)
  3 yaktaur captains
  2 crystal guardians
  4 salamander tyrants
  A peacekeeper (D:13)
  10 rakshasas
  7 hydras
  3 ironbound frosthearts (Vaults:1)
  6 catoblepae
  Erica (Lair:2)
  3 alligator snapping turtles (Snake:1)
  4 centaur warriors
  9 anacondas
  A two-headed ogre (shapeshifter) (D:15)
  7 boulder beetles
  4 alligators (Snake:1)
  19 naga warriors
  3 orc high priests (Orc:2)
  4 two-headed ogres
  14 dancing weapons
  14 death yaks
  An alligator (shapeshifter) (D:13)
  A tengu warrior (D:15)
  A deep elf knight (Elf:1)
  19 naga sharpshooters
  8 shock serpents
  An iron troll (D:13)
  Urug (Lair:1)
  6 sea snakes (Snake:1)
  5 salamander mystics
  4 deep trolls
  3 deep elf archers
  A goliath frog (Snake:1)
  8 naga ritualists
  A wizard (D:15)
  Pikel (D:9)
  A phantasmal warrior (D:13)
  4 lindwurms
  A harpy (Vaults:1)
  4 ironbound convokers (Vaults:1)
  A necromancer (D:15)
  13 mana vipers
  8 orc knights
  10 deep elf pyromancers
  7 deep elf zephyrmancers
  7 orc sorcerers
  4 manticores
  A wolf spider (D:15)
  11 cyclopes
  2 ugly things (D:13)
  20 salamanders
  10 guardian serpents
  43 black mambas
  13 elephants
  2 merfolk sirens (Lair:2)
  4 torpor snails (Lair:5)
  15 cane toads
  10 naga magi
  4 efreet
  12 komodo dragons
  14 yaktaurs
  5 gargoyles
  Psyche (D:9)
  2 rime drakes
  2 unseen horrors
  2 freezing wraiths
  2 merfolk (Lair:2)
  A polar bear (Lair:3)
  A troll (Orc:2)
  19 blink frogs
  A snapping turtle (Snake:1)
  13 dream sheep
  Sigmund (D:6)
  11 slime creatures
  An air elemental (Elf:1)
  36 yaks
  7 wyverns
  2 vampires
  A basilisk (shapeshifter) (D:13)
  A fire elemental (Elf:2)
  A steam dragon (D:9)
  9 basilisks
  9 vampire mosquitoes
  44 nagas
  3 wargs
  2 acid dragons
  14 water moccasins
  An ice beast (shapeshifter) (D:15)
  An ice beast (D:7)
  25 orc warriors
  3 ogres
  12 wolves
  6 boggarts
  18 centaurs
  A lemure (D:9)
  A kobold brigand (D:6)
  5 scorpions
  16 bullfrogs
  A gnoll sergeant (D:6)
  9 wights
  5 killer bees (D:11)
  4 electric eels
  2 howler monkeys
  12 lava snakes (Snake:3)
  27 orc priests
  3 hounds
  5 jellies
  2 sleepcaps (D:6)
  4 iguanas
  27 orc wizards
  9 gnolls
  8 adders
  2 shadow imps
  5 ufetubi
  2 worms (D:2)
  3 dart slugs
  70 orcs
  4 ball pythons
  5 bats
  8 endoplasms
  2 giant cockroaches
  10 goblins
  4 hobgoblins
  14 kobolds
  5 quokkas
  4 frilled lizards
  6 rats
994 creatures vanquished.

Vanquished Creatures (collateral kills)
  Grum (D:8)
  A wight (D:8)
  2 orc priests (D:8)
  3 orc wizards (D:8)
  An adder (D:6)
  2 gnolls (D:6)
  3 orcs (D:8)
13 creatures vanquished.

Vanquished Creatures (others)
  A nagaraja (Snake:4)
  A two-headed ogre (D:12)
  3 deep elf pyromancers (Elf:1)
  A salamander (Snake:3)
  An elephant (Lair:5)
  2 black mambas (Snake:3)
  A troll (D:13)
  A slime creature (D:13)
  A wyvern (D:8)
  2 nagas
  An ogre (D:6)
  2 orc wizards
17 creatures vanquished.

Grand Total: 1024 creatures vanquished

Notes
Turn   | Place    | Note
-------+----------+-------------------------------------------
     0 | D:1      | HOAXBANE the Human Artificer began the quest for the Orb.
     0 | D:1      | Reached XP level 1. HP: 15/15 MP: 1/1
   456 | D:1      | Reached XP level 2. HP: 21/21 MP: 2/2
   698 | D:1      | Reached XP level 3. HP: 17/26 MP: 3/3
  1279 | D:2      | Reached skill level 1 in Short Blades
  1345 | D:2      | Reached XP level 4. HP: 31/32 MP: 4/4
  1543 | D:2      | Found Ihiodoj's Magic Scroll Emporium.
  1561 | D:2      | Bought a scroll of identify for 20 gold pieces
  2311 | D:3      | Found Xuxtuf's Assorted Antiques.
  2322 | D:3      | Noticed a scorpion
  2327 | D:3      | Killed a scorpion
  2328 | D:3      | Reached XP level 5. HP: 32/37 MP: 5/5
  2499 | D:3      | Found a faded altar of an unknown god.
  2793 | D:4      | Noticed a centaur
  2793 | D:4      | Found a transporter.
  2853 | D:3      | Reached XP level 6. HP: 28/43 MP: 6/6
  3091 | D:4      | Found a transporter.
  3475 | D:4      | Reached skill level 1 in Ranged Weapons
  3548 | D:4      | Reached XP level 7. HP: 48/48 MP: 7/7
  3960 | D:5      | Entered Level 5 of the Dungeon
  3975 | D:4      | Reached skill level 5 in Evocations
  4651 | D:5      | Reached XP level 8. HP: 52/54 MP: 8/8
  5039 | D:5      | Identified the +1 sling "Saoc" {antimagic, rF- Will+++
                  | Dex+2}
  5564 | D:6      | Found Vuwuq's Distillery.
  5605 | D:6      | Found Myptalod's Weapon Emporium.
  5641 | D:6      | Bought a potion of curing for 39 gold pieces
  5654 | D:6      | Bought a +0 long sword for 49 gold pieces
  5661 | D:6      | Noticed Sigmund
  5671 | D:6      | Killed Sigmund
  5672 | D:6      | Reached skill level 5 in Short Blades
  5672 | D:6      | Reached skill level 1 in Long Blades
  5728 | D:6      | Reached skill level 2 in Long Blades
  5812 | D:6      | Reached skill level 3 in Long Blades
  5916 | D:6      | Found a staircase to the Ecumenical Temple.
  5943 | D:6      | Found a radiant altar of Vehumet.
  5964 | Temple   | Entered the Ecumenical Temple
  5964 | Temple   | Found a transporter.
  5964 | Temple   | Found a transporter.
  5966 | Temple   | Found a transporter.
  5966 | Temple   | Found a transporter.
  5986 | Temple   | Became a worshipper of Ru the Awakened
  6088 | D:6      | Found Rueruity's Antique Weapon Shoppe.
  6142 | D:6      | Found Omyafumn's Antique Weapon Emporium.
  6170 | D:6      | Reached XP level 9. HP: 30/59 MP: 9/9
  6336 | D:6      | Found a glowing silver altar of Zin.
  6338 | D:6      | Found a shimmering altar of Xom.
  6353 | D:6      | Found a stormy altar of Qazlal.
  6353 | D:6      | Found a shadowy altar of Dithmenos.
  6700 | D:7      | Reached skill level 4 in Long Blades
  6752 | D:7      | Reached skill level 5 in Armour
  7195 | D:7      | Reached skill level 5 in Long Blades
  7230 | D:7      | Found a flagged portal.
  7968 | D:8      | Noticed a deep elf pyromancer
  8978 | D:8      | Reached skill level 5 in Fighting
  9232 | D:8      | Reached XP level 10. HP: 44/75 MP: 10/10
  9327 | D:8      | Gained mutation: You cannot study or cast Earth magic. [Ru
                  | sacrifice]
  9327 | D:8      | Gained mutation: You cannot study or cast Hexes magic. [Ru
                  | sacrifice]
  9327 | D:8      | Gained mutation: You cannot study or cast Conjurations
                  | magic. [Ru sacrifice]
  9327 | D:8      | Reached * piety under Ru
  9494 | D:8      | Killed a deep elf pyromancer
  9594 | D:8      | Noticed Grum
  9651 | D:8      | Killed Grum
  9743 | D:8      | Identified the +1 robe of Bemeihac {Harm Str+5 Dex-4
                  | Archmagi}
  9872 | D:6      | Bought a pitted short sword for 192 gold pieces
  9872 | D:6      | Identified the +1 short sword of Famine {flame, Int+2} (You
                  | bought it in a shop on level 6 of the Dungeon)
  9886 | D:6      | Bought a potion of haste for 130 gold pieces
 10490 | D:9      | Noticed Pikel
 10514 | D:9      | Killed Pikel
 10515 | D:9      | Reached skill level 6 in Long Blades
 10819 | D:9      | Identified the +0 leather armour of Mydwy {rElec Str+3
                  | Dex-4}
 10932 | D:8      | Reached skill level 7 in Long Blades
 11495 | D:9      | Noticed Psyche
 11501 | D:9      | Killed Psyche
 11502 | D:9      | Reached skill level 8 in Long Blades
 11502 | D:9      | Reached XP level 11. HP: 86/86 MP: 11/11
 11733 | D:9      | Noticed a centaur warrior
 11753 | D:9      | Killed a centaur warrior
 11754 | D:9      | Reached skill level 9 in Long Blades
 12341 | D:9      | Found a staircase to the Lair.
 12486 | D:9      | Reached skill level 10 in Long Blades
 12730 | D:9      | Identified 2 scrolls of acquirement
 12733 | D:9      | Acquired a manual of Short Blades
 12735 | D:9      | Acquired the ring "Offeah" {rF+ Will+ Dex+2}
 12935 | D:10     | Entered Level 10 of the Dungeon
 13778 | D:10     | Found Yvoybeph's Serpentskin Sales.
 14116 | D:10     | Noticed a two-headed ogre
 14317 | Lair:1   | Entered Level 1 of the Lair of Beasts
 15396 | Lair:1   | Reached skill level 1 in Shields
 15396 | Lair:1   | Reached XP level 12. HP: 11/92 MP: 12/12
 16096 | Lair:1   | Gained mutation: You are agile. (Dex +4, Str/Int -1)
                  | [potion of mutation]
 16096 | Lair:1   | Gained mutation: You have large cloven feet. [potion of
                  | mutation]
 16213 | Lair:1   | Noticed Urug
 16221 | Lair:1   | Reached skill level 5 in Shields
 16240 | Lair:1   | Killed Urug
 16753 | Lair:1   | Lost mutation: You are agile. (Dex +4, Str/Int -1) [Ru
                  | sacrifice]
 16753 | Lair:1   | Gained mutation: You are clumsy. (Dex -2) [Ru sacrifice]
 16753 | Lair:1   | Reached ** piety under Ru
 17071 | Lair:2   | Noticed a death yak
 17071 | Lair:2   | Noticed a death yak
 17201 | D:9      | Killed a two-headed ogre
 18962 | D:11     | Noticed a boulder beetle
 19002 | D:11     | Killed a boulder beetle
 19617 | D:11     | Found a portal to a secret trove of treasure.
 19692 | D:11     | Gained mutation: You take slightly more damage. (AC -5) [Ru
                  | sacrifice]
 19692 | D:11     | Reached *** piety under Ru
 19693 | D:11     | Lost mutation: You have large cloven feet. [potion of
                  | mutation]
 19693 | D:11     | Gained mutation: You have a pair of small antennae on your
                  | head. [potion of mutation]
 19693 | D:11     | Gained mutation: Your flesh is cold resistant. (rC+)
                  | [potion of mutation]
 19693 | D:11     | Gained mutation: You are dopey. (Int -2) [potion of
                  | mutation]
 19693 | D:11     | Gained mutation: You are robust. (+10% HP) [potion of
                  | mutation]
 19743 | D:11     | HP: 5/101 [gargoyle/+0 mace (14)]
 19744 | D:11     | HP: 1/101 [gargoyle/+0 mace (4)]
 20208 | D:11     | Found a staircase to the Orcish Mines.
 20384 | Orc:1    | Entered Level 1 of the Orcish Mines
 20738 | Orc:1    | Reached XP level 13. HP: 90/107 MP: 13/13
 20916 | Orc:1    | Reached skill level 10 in Evocations
 20957 | Orc:1    | Noticed an ettin
 20972 | Orc:1    | Killed an ettin
 21160 | Orc:1    | Found a transporter.
 21167 | Orc:1    | Found a transporter.
 21184 | Orc:1    | Found a transporter.
 21184 | Orc:1    | Found an ornate altar of the Wu Jian Council.
 21184 | Orc:1    | Noticed an orc warlord
 21482 | Orc:1    | Found an ornate altar of the Wu Jian Council.
 21485 | Orc:1    | Found a transporter.
 21573 | Orc:1    | Reached skill level 10 in Short Blades
 22600 | Lair:1   | Gained mutation: You are hated by all. [Ru sacrifice]
 22600 | Lair:1   | Reached **** piety under Ru
 22600 | Lair:1   | Reached ***** piety under Ru
 22674 | Lair:2   | Noticed Erica
 22683 | Lair:2   | Killed Erica
 22685 | Lair:2   | Noticed a four-headed hydra
 22746 | Lair:2   | Killed a one-headed hydra
 23037 | Lair:2   | Found a staircase to the Shoals.
 24229 | D:6      | Bought a potion of curing for 39 gold pieces
 24305 | D:3      | Bought a scroll labelled FOOCOU OMAYGU for 25 gold pieces
 24344 | D:2      | Bought a scroll of enchant armour for 75 gold pieces
 24344 | D:2      | Bought a scroll of teleportation for 30 gold pieces
 24423 | D:6      | Bought a potion of lignification for 39 gold pieces
 24928 | Orc:1    | Killed an orc warlord
 25525 | Lair:2   | Reached skill level 11 in Long Blades
 26399 | Lair:2   | Found a snail-covered altar of Cheibriados.
 26727 | Lair:3   | Found a staircase to the Snake Pit.
 26774 | Lair:3   | Noticed HourglassMan's ghost (journeyman DrFE)
 26778 | Lair:3   | Noticed an eight-headed hydra
 26783 | Lair:3   | Noticed a minotaur
 27015 | Lair:3   | Reached skill level 12 in Long Blades
 27015 | Lair:3   | Reached XP level 14. HP: 61/105 MP: 14/14
 27154 | Lair:3   | Found a runed translucent gate.
 27154 | Lair:3   | Found a runed translucent gate.
 27154 | Lair:3   | Found a runed translucent gate.
 27340 | Lair:3   | Gained mutation: You cannot train Dodging skill. [Ru
                  | sacrifice]
 27340 | Lair:3   | Reached ****** piety under Ru
 28129 | Lair:3   | Reached skill level 10 in Fighting
 28348 | Lair:3   | Killed HourglassMan's ghost
 28386 | Lair:3   | Killed a minotaur
 29145 | Lair:4   | Reached skill level 10 in Armour
 29864 | Lair:4   | Found a staircase to the Slime Pits.
 30201 | Lair:4   | You fall into a shaft and drop 1 floor!
 30201 | Lair:5   | Entered Level 5 of the Lair of Beasts
 30235 | Lair:4   | Identified the +5 hand axe of Triumph {heavy, rPois rC+
                  | Int+2}
 30506 | Lair:5   | Reached skill level 13 in Long Blades
 31053 | Lair:5   | Identified the +1 flail of Wounding {antimagic, Drain Str+4
                  | Dex+2}
 31185 | Lair:5   | Reached XP level 15. HP: 105/126 MP: 15/15
 31465 | Lair:5   | Identified the +1 ring mail of Wiamahag {rElec}
 31590 | Lair:5   | Reached skill level 14 in Long Blades
 32493 | Lair:5   | Reached skill level 15 in Long Blades
 34123 | D:12     | Reached skill level 16 in Long Blades
 35588 | D:13     | a jorogumo changed into a broodmother
 35588 | D:13     | Noticed a broodmother (glowing shapeshifter)
 35947 | D:13     | Found a gate to the Vaults.
 36353 | Orc:2    | Entered Level 2 of the Orcish Mines
 36959 | Orc:2    | Found a runed translucent door.
 36960 | Orc:2    | Found a shimmering altar of Xom.
 36960 | Orc:2    | Noticed Voland's ghost (journeyman TeAE)
 36960 | Orc:2    | Identified the +7 war axe of Raqazxow {chaos, rElec rC++
                  | Str+4 Int+3}
 36990 | Orc:2    | Reached XP level 16. HP: 131/131 MP: 16/16
 36991 | Orc:2    | Noticed Rupert
 37022 | Orc:2    | Killed Rupert
 37090 | Orc:2    | Found a staircase to the Elven Halls.
 37703 | Orc:2    | Reached skill level 5 in Throwing
 37716 | Orc:2    | Found Wabehog's Armour Shop.
 37716 | Orc:2    | Found Redghicka's Jewellery Emporium.
 37718 | Orc:2    | Found Xaess's Distillery.
 37718 | Orc:2    | Found Ladde's Assorted Antiques.
 37738 | Orc:2    | Bought a +0 pair of gloves for 67 gold pieces
 38337 | D:14     | Noticed Louise
 38361 | D:14     | Killed Louise
 38432 | D:14     | Noticed Nessos
 38452 | D:14     | Killed Nessos
 39111 | Orc:2    | Killed Voland's ghost
 39377 | D:14     | Found the +6 shillelagh "Devastator" {shatter}
 39948 | Elf:1    | Entered Level 1 of the Elven Halls
 39951 | Elf:1    | Found Tated's Book Shop.
 39951 | Elf:1    | Found Soacecia's Jewellery Shoppe.
 39952 | Elf:1    | Found Yshriy's Jewellery Shoppe.
 39957 | Elf:1    | Bought an amulet of reflection for 510 gold pieces
 40064 | Elf:1    | Paralysed by an air elemental for 1 turns
 40100 | Elf:1    | Paralysed by an air elemental for 1 turns
 40205 | Elf:1    | Noticed Zenata
 40347 | D:15     | Entered Level 15 of the Dungeon
 40775 | D:15     | Found a snail-covered altar of Cheibriados.
 41029 | D:15     | Found a staircase to the Depths.
 42278 | Snake:1  | Entered Level 1 of the Snake Pit
 42450 | Lair:3   | Reached XP level 17. HP: 118/137 MP: 11/17
 45926 | Snake:1  | Reached skill level 15 in Armour
 46843 | Snake:2  | Found a snail-covered altar of Cheibriados.
 48085 | Snake:2  | Reached skill level 15 in Fighting
 48416 | Snake:3  | Reached XP level 18. HP: 142/163 MP: 12/18
 50361 | Snake:3  | Identified the +2 leather armour "Cisavaixt" {Str+3 Dex+4}
 50899 | Snake:4  | Entered Level 4 of the Snake Pit
 51180 | Snake:4  | Found a radiant altar of Vehumet.
 52667 | Snake:4  | Got a serpentine rune of Zot
 54457 | Snake:4  | Reached XP level 19. HP: 89/172 MP: 13/19
 56661 | Vaults:1 | Entered Level 1 of the Vaults
 56805 | D:13     | Reached skill level 15 in Evocations
 58530 | Vaults:1 | Reached skill level 17 in Long Blades
 59404 | Vaults:1 | Noticed Aizul
 59422 | Vaults:1 | Killed Aizul
 59428 | Vaults:1 | HP: 7/151 [poisoned by Aizul (bolt of poison)]
 60625 | Vaults:1 | Reached skill level 18 in Long Blades
 62482 | Orc:2    | Bought the +10 tower shield of Ignorance {rN+ Int-4} for
                  | 859 gold pieces
 62482 | Orc:2    | Found the +10 tower shield of Ignorance {rN+ Int-4}
 62714 | D:6      | Bought a potion of might for 52 gold pieces
 63046 | Orc:2    | Bought a potion of haste for 150 gold pieces
 63046 | Orc:2    | Bought a potion of curing for 45 gold pieces
 63261 | Orc:2    | Killed Zenata
 63534 | Elf:1    | Reached XP level 20. HP: 133/163 MP: 20/20
 64648 | Elf:2    | Found a magical portal.
 64653 | WizLab   | Entered Tukima's Studio
 64876 | WizLab   | Noticed HOAXBANE's illusion
 64946 | WizLab   | Noticed HOAXBANE's illusion
 64958 | WizLab   | Identified the +4 longbow "Qaofial" {speed, rElec}
 64993 | WizLab   | Noticed a walking crystal tome
 65033 | WizLab   | Reached skill level 10 in Shields
 65073 | WizLab   | Shot with a bolt by a +1 triple crossbow of venom

Illustrated notes

Levels and vault maps discovered:
D:1:      heliophobic_arrival_dark_side_of_the_moon, layout_basic,
          minmay_small_reverse_x
D:2:      layout_basic, serial_shops, shop
D:3:      layout_basic, serial_shops, nicolae_shop_behind_doors,
          ebering_ecumenical_altar_mist, st_stairs_11
D:4:      gammafunk_steamed_eel, layout_gridville
D:5:      layout_basic, minivault_11
D:6:      layout_basic, mainiacjoe_overflow_alcove_3, vehumet_crystals,
          minmay_temple_entry_sparse_star, serial_shops, shop,
          nicolae_shop_crystal, shop, nicolae_shop_trees,
          palyth_stone_intersect, uniq_sigmund
D:7:      layout_loops_ring, enter_bailey_8, serial_aquarium,
          aquarium_bridge_long_separate [aquarium_subvault_wall,
          aquarium_subvault_bridge, aquarium_subvault_balcony,
          aquarium_subvault_balcony, aquarium_subvault_bridge,
          aquarium_subvault_bridge], aquarium_window_2, aquarium_window_2,
          aquarium_view_2d, aquarium_view_2e
D:8:      layout_loops_corners, glass_columns_a, grunt_potential, uniq_grum
D:9:      layout_long_grid, erik_lair_dragon, uniq_psyche, uniq_pikel
D:10:     hellmonk_ruined_rings, layout_basic, guppyfry_shop_venom
D:11:     layout_long_grid, orc_0_dummy, nicolae_trove_entry_columns
D:12:     layout_grid_maze
D:13:     layout_basic, david_vaults_4
D:14:     minmay_roctagon, layout_loops_cross, uniq_louise, uniq_nessos
D:15:     hangedman_depths_entry_civil_slaughter, layout_basic,
          hangedman_decor_diamond_cutter, minmay_ruined_shrine
Temple:   hellmonk_temple_divided_pantheon
Lair:1:   layout_roguey, grunt_megastairs_5, uniq_urug
Lair:2:   layout_roguey, elwin_shoals_entry_stream, basic_altar,
          hibernation_bobbens, uniq_erica
Lair:3:   layout_chaotic_city, minmay_snake_entry_guardpost_small,
          maelrawn_ghost_gauntlet_escape
Lair:4:   layout_big_grid, nicolae_slime_entry_slimehenge, minivault_26,
          cheibrodos_lair_reptile_den
Lair:5:   hangedman_lair_in_review, layout_misc_corridors, grunt_megastairs_4
Snake:1:  layout_grid_shapes, grunt_ministairs_10,
          nicolae_snake_herptile_family_reunion
Snake:2:  layout_misc_corridors, basic_altar
Snake:3:  layout_basic, nicolae_snake_scaly_snakehead
Snake:4:  grunt_snake_rune_spirals, layout_onion_interference, basic_altar
Orc:1:    dreamdust_wu_jian_sword_trials, layout_diamond_mine, basic_altar
Orc:2:    grunt_orc_tribal_feast, layout_diamond_mine, ebering_ghost_xom,
          uniq_rupert
Elf:1:    layout_gridlike, hangedman_elf_represent, minmay_shop_grove,
          uniq_zenata
Elf:2:    elven_hall_of_blades_hangedman_original
          [nicolae_blade_entry_pointy_end], layout_loops_corners,
          mu_enter_wizlab_7, serial_shops, nicolae_shop_hallway_plus
Vaults:1: nicolae_vaults_network_periphery, nicolae_vaults_storage_closets_3,
          nicolae_vaults_theta, nicolae_vaults_specimen_jars,
          nicolae_vaults_closet_pinwheel_2, nicolae_vaults_network_square,
          v_misc_10, vaults_dpeg_diagonal, grunt_vaults_diagonal,
          nicolae_vaults_tetromino_L_1, nicolae_vaults_more_shelving_2,
          nicolae_vaults_little_squares_4, layout_vaults_big_room, uniq_aizul
WizLab:   wizlab_tukima

Skill      XL: |  1  2  3  4  5  6  7  8  9 10 11 12 13 14 15 16 17 18 19 20 |
---------------+-------------------------------------------------------------+-----
Evocations     | 4 6 7 9 10 13 15 | 15.0
Short Blades   | 1 3 5 8 13 | 13.7
Throwing       | 2 3 5 |  5.0
Stealth        | 2 |  2.0
Armour         | 3 4 6 8 10 11 13 15 | 15.0
Ranged Weapons | 1 |  1.0
Long Blades    | 3 5 8 10 12 13 16 18 | 18.3
Fighting       | 5 8 10 12 15 16 | 16.0
Shields        | 1 7 10 | 10.1
Dodging        | 0 |  0.0

Action                     |  1- 3 |  4- 6 |  7- 9 | 10-12 | 13-15 | 16-18 | 19-21 || total
---------------------------+-------+-------+-------+-------+-------+-------+-------++-------
  Melee: Staff             |    50 |       |       |       |       |       |       ||    50
         Short sword       |    25 |       |       |       |       |       |       ||    25
         Dagger            |    11 |   103 |    89 |       |       |       |       ||   203
         Punch             |       |     3 |     7 |     5 |       |       |       ||    15
         Long sword        |       |       |   167 |       |    34 |       |       ||   201
         Scimitar          |       |       |     8 |   702 |   250 |     5 |   142 ||  1107
         Kick              |       |       |       |    34 |       |       |       ||    34
         Great sword       |       |       |       |       |   720 |  1090 |   413 ||  2223
         Falchion          |       |       |       |       |     5 |       |       ||     5
   Fire: Shortbow          |       |    23 |       |       |     4 |       |       ||    27
         Longbow           |       |       |       |       |       |    27 |       ||    27
  Throw: Javelin           |       |     5 |    12 |     2 |     3 |       |       ||    22
         Dart              |       |    14 |   100 |    73 |   103 |    62 |     1 ||   353
         Throwing net      |       |       |     1 |     1 |       |       |       ||     2
         Boomerang         |       |       |       |       |     1 |       |     3 ||     4
 Invoke: Sacrifice Arcana  |       |       |       |     1 |       |       |       ||     1
         Reject Sacrifices |       |       |       |     1 |       |       |       ||     1
         Sacrifice Purity  |       |       |       |     1 |       |       |       ||     1
         Sacrifice Health  |       |       |       |     1 |       |       |       ||     1
         Power Leap        |       |       |       |       |    44 |    83 |    17 ||   144
         Apocalypse        |       |       |       |       |     7 |     8 |     7 ||    22
         Draw Out Power    |       |       |       |       |     2 |       |       ||     2
         Sacrifice Love    |       |       |       |       |     1 |       |       ||     1
         Sacrifice Nimblen |       |       |       |       |     1 |       |       ||     1
  Evoke: Wand              |     4 |     3 |    41 |    30 |    14 |     5 |    10 ||   107
         Phial of floods   |       |       |       |       |       |       |     2 ||     2
    Use: Scroll            |       |     5 |     8 |    24 |     8 |     5 |     8 ||    58
         Potion            |       |       |     2 |    15 |     2 |     2 |     6 ||    27
   Stab: Sleeping          |     1 |       |       |       |       |       |     1 ||     2
         Distracted        |       |       |       |     3 |     9 |    11 |     6 ||    29
         Paralysed         |       |       |       |       |    28 |    32 |     8 ||    68
         Invisible         |       |       |       |       |    19 |    16 |     8 ||    43
         Petrified         |       |       |       |       |     1 |       |       ||     1
 Armour: Ring mail         |    20 |     3 |       |       |       |   127 |    17 ||   167
         Leather armour    |     1 |       |       |       |       |       |     6 ||     7
         Chain mail        |       |    47 |   147 |   152 |       |       |       ||   346
         Skin              |       |       |     3 |    43 |     3 |     6 |     6 ||    61
         Plate armour      |       |       |       |   272 |   496 |   378 |   185 ||  1331
  Dodge: Dodged            |    43 |    52 |   106 |   130 |   180 |   218 |    78 ||   807
  Block: Kite shield       |       |       |       |   144 |   107 |       |       ||   251
         Other             |       |       |       |       |       |   169 |    51 ||   220
         Reflection        |       |       |       |       |       |    20 |    33 ||    53
         Tower shield      |       |       |       |       |       |       |   168 ||   168
